 Dungeon Crawl Stone Soup version 0.31.0 (webtiles) character file.

Game seed: 14397644289130387509

229 SnakkuSnakku7 the Poker (level 6, -1/47 HPs)
             Began as a Formicid Cinder Acolyte on Jan 20, 2024.
             Was a High Priest of Ignis.
             Slain by an orc
             ... wielding a +0 trident
              (5 damage)
             ... on level 3 of the Dungeon.
             The game lasted 00:02:54 (2071 turns).

SnakkuSnakku7 the Poker (Formicid Cinder Acolyte)   Turns: 2071, Time: 00:02:54

Health: -1/47      AC: 12    Str: 20    XL:     6   Next: 23%
Magic:  7/7        EV: 10    Int: 14    God:    Ignis [*****.]
Gold:   113        SH:  0    Dex:  9    Spells: 7/7 levels left

rFire   + . .        a - +2 trident (venom)
rCold   . . .        (no shield)
rNeg    . . .        c - +0 ring mail
rPois   .            (helmet unavailable)
rElec   .            (no cloak)
rCorr   .            (no gloves)
SInv    +            (no boots)
Will    .....        (no amulet) Stlth
                     (no ring)
HPRegen 0.27/turn    (no ring)
MPRegen 0.10/turn

%: no passive effects
@: fiery-armoured
A: permanent stasis, dig shafts and tunnels, antennae 3, four strong arms
a: Dig, Shaft Self, Renounce Religion, Fiery Armour, Foxfire Swarm, Rising Flame


You were on level 3 of the Dungeon.
You worshipped Ignis.
Ignis was extremely pleased with you.
You visited 1 branch of the dungeon, and saw 3 of its levels.

You collected 113 gold pieces.

Inventory:

Hand Weapons
 a - a +2 trident of venom (weapon)
 e - a -1 hand axe of flaming
Armour
 b - a +0 robe
 c - a +0 ring mail (worn)
Scrolls
 d - a scroll of blinking {unknown}
 f - 2 scrolls of identify {unknown}
 g - 2 scrolls of vulnerability {unknown}
 h - a scroll of revelation {unknown}
 i - 2 scrolls of enchant weapon {unknown}
 k - a scroll of teleportation {unknown}
 l - a scroll of enchant armour {unknown}
 m - a scroll of amnesia {unknown}
 n - a scroll of fear {unknown}
 p - a scroll of brand weapon {unknown}
Potions
 j - a potion of degeneration {unknown}
 o - 2 potions of curing {unknown}
 q - 2 potions of lignification {unknown}


   Skills:
 - Level 3.2 Fighting
 - Level 3.8(5.1) Axes
 + Level 5.0(5.6) Polearms
 - Level 1.1 Spellcasting
 - Level 3.0 Fire Magic


You had 7 spell levels left.
You didn't know any spells.
Your spell library contained the following spells:

 Spells                   Type           Power      Damage    Failure   Level
 Scorch                   Fire           18%        2d5       21%         2
 Necrotise                Necr           0%         1d4       41%         1
 Vampiric Draining        Necr           0%         2d6       80%         3
 Martyr's Knell           Necr/Summ      0%         N/A       99%         4
 Curse of Agony           Necr           0%         N/A       100%        5


Dungeon Overview and Level Annotations

Branches:
Dungeon (3/15)

Altars:
Elyvilon
Makhleb
Qazlal
Zin

Shops:
D:1 ?


Innate Abilities, Weirdness & Mutations

You cannot be hasted, slowed, berserked, paralysed or teleported.
You can dig through walls and to a lower floor.
You have a pair of large antennae on your head. (SInv)
Your four strong arms can wield two-handed weapons with a shield.


Message History

The orc shoots a sling bullet.
The sling bullet completely misses you.
Reach: a) +2 trident (venom)
Press: ? - help, Dir - move target, f/p - orc
Aim: an orc, wielding the +1 sling of Brawling {speed, Dex+3} and wearing the +0 leather armour "Fipuiliddi" {Rampage rC+} (about 41% to evade your +2 trident of venom)
You reach to attack!
You barely miss the orc.
The orc shoots a sling bullet.
The sling bullet barely misses you.
Reach: a) +2 trident (venom)
Press: ? - help, Dir - move target, f/p - orc
Aim: an orc, wielding the +1 sling of Brawling {speed, Dex+3} and wearing the +0 leather armour "Fipuiliddi" {Rampage rC+} (about 41% to evade your +2 trident of venom)
You reach to attack!
You hit the orc.
The orc is poisoned.
The orc is severely wounded.
The orc complains to no one in particular.
Reach: a) +2 trident (venom)
Press: ? - help, Dir - move target, f/p - orc
Aim: an orc, wielding the +1 sling of Brawling {speed, Dex+3} and wearing the +0 leather armour "Fipuiliddi" {Rampage rC+} (severely wounded, very poisoned, about 41% to evade your +2 trident of venom)
You closely miss the orc.
The orc is severely wounded.
The orc unwields the +1 sling of Brawling {speed, Dex+3}.
The orc misses you.
Reach: a) +2 trident (venom)
Press: ? - help, Dir - move target, f/p - orc
Aim: an orc, wearing the +0 leather armour "Fipuiliddi" {Rampage rC+} (almost dead, very poisoned, about 41% to evade your +2 trident of venom)
You hit the orc.
You kill the orc!
Unknown command.
Reach: a) +2 trident (venom)
Press: ? - help, Dir - move target, f - orc
Aim: an orc, wielding a +0 club and wearing a +0 scale mail (about 37% to evade your +2 trident of venom)
You hit the orc.
The orc is poisoned.
The orc is lightly wounded.
The orc hits you with a +0 club.
* * * LOW HITPOINT WARNING * * *
The orc completely misses you.
Reach: a) +2 trident (venom)
Press: ? - help, Dir - move target, f/p - orc
Aim: an orc, wielding a +0 club and wearing a +0 scale mail (lightly wounded, very poisoned, about 37% to evade your +2 trident of venom)
You hit the orc.
You kill the orc!
The orc hits you from afar with a +0 trident.
You die...

#####...#.#
###########..#8.⌠..##
............###..⌠.#.
...........#8#_#...#.
#######..##...#∩#8#.#
..##...#.⌠..###...
#.##..##..⌠.8###.. {
#.#.....#...####..
#@#....#.###.#.#..
#)#.....## ##....
#######o#......### #.#..
.............#....##....
#####........####.......
#...8####### #......
#....#.....8##......
#....#..##..#.....##
#.#..#..#8..###†#.#


You could see an orc.

Vanquished Creatures
  The ghost of zenocrate the Sneak, an amateur VSEn (D:3)
  Natasha (thrice) (D:2)
  2 adders (D:2)
  9 orcs (D:3)
  3 ball pythons
  6 bats
  5 endoplasms
  2 giant cockroaches (D:2)
  3 hobgoblins
  6 jackals
  4 kobolds (D:2)
  7 quokkas
  3 frilled lizards
  5 goblins
  8 rats
67 creatures vanquished.

Notes
Turn   | Place    | Note
-------+----------+-------------------------------------------
     0 | D:1      | SnakkuSnakku7 the Formicid Cinder Acolyte began the quest
                  | for the Orb.
     0 | D:1      | Reached XP level 1. HP: 18/18 MP: 2/2
    84 | D:1      | Reached XP level 2. HP: 23/24 MP: 3/3
   404 | D:1      | Reached XP level 3. HP: 25/29 MP: 4/4
   458 | D:1      | Found Muad's Magic Scroll Shop.
   629 | D:1      | Reached skill level 1 in Polearms
   837 | D:2      | Reached skill level 2 in Polearms
   894 | D:2      | Reached XP level 4. HP: 28/35 MP: 5/5
   934 | D:2      | Noticed Natasha
   941 | D:2      | Killed Natasha
   995 | D:2      | Reached skill level 3 in Polearms
  1018 | D:2      | Noticed Natasha
  1022 | D:2      | Killed Natasha
  1023 | D:2      | Reached XP level 5. HP: 41/41 MP: 6/6
  1382 | D:2      | Found a white marble altar of Elyvilon.
  1553 | D:2      | Noticed Natasha
  1562 | D:2      | Killed Natasha
  1563 | D:2      | Reached skill level 4 in Polearms
  1684 | D:3      | Found a glowing silver altar of Zin.
  1699 | D:3      | Found a stormy altar of Qazlal.
  1764 | D:3      | Found a burning altar of Makhleb.
  1982 | D:3      | Found a faded altar of an unknown god.
  2010 | D:3      | Found a runed translucent gate.
  2011 | D:3      | Found a runed translucent gate.
  2011 | D:3      | Identified the +1 sling of Brawling {speed, Dex+3}
  2011 | D:3      | Identified the +0 leather armour "Fipuiliddi" {Rampage rC+}
  2012 | D:3      | Found a runed translucent gate.
  2012 | D:3      | Noticed zenocrate's ghost (amateur VSEn)
  2048 | D:3      | Killed zenocrate's ghost
  2049 | D:3      | Reached XP level 6. HP: 28/47 MP: 7/7
  2054 | D:3      | Reached skill level 5 in Polearms
  2071 | D:3      | Slain by an orc

Illustrated notes

Levels and vault maps discovered:
D:1:      amcnicky_arrival_single_pillar, layout_loops_ring, serial_shops,
          nicolae_shop_rolled_up
D:2:      kb_forest_paths, layout_basic, serial_corexii_hall,
          corexii_hall_statues_x, chequers_hall_statues_y,
          chequers_hall_statues_corner_a, corexii_hall_statues_i, basic_altar,
          uniq_natasha
D:3:      layout_basic, bloody_makhleb, minitemple, jmf_multi_god_temple,
          lemuel_doored_altar, biasface_ghost_orc_armoury,
          shapermc_ecumenical_altar_venn, minmay_misc_feat_alley,
          minmay_stone_trees_medium

Skill      XL: |  1  2  3  4  5  6 |
---------------+-------------------+-----
Polearms       | 2 3 4 5 |  5.0
Fighting       | |  3.2
Axes           | |  3.8
Spellcasting   | |  1.1
Fire Magic     | |  3.0

Action                     |  1- 3 |  4- 6 || total
---------------------------+-------+-------++-------
  Melee: Hand axe          |    32 |       ||    32
         Trident           |    45 |   110 ||   155
 Invoke: Fiery Armour      |       |     1 ||     1
 Armour: Robe              |     6 |       ||     6
         Ring mail         |    44 |    67 ||   111
  Dodge: Dodged            |    44 |    53 ||    97
